 Dungeon Crawl Stone Soup version 0.29-a0-668-g12ee2bf84d (webtiles) character file.

Game seed: 5747838433454202715

246 DocClef the Shield-Bearer (level 6, -2/53 HPs)
             Began as a Gnoll Fighter on June 23, 2022.
             Was an Initiate of Okawaru.
             Slain by a goblin
             ... wielding a +0 club
              (4 damage)
             ... on level 4 of the Dungeon.
             The game lasted 00:03:51 (3170 turns).

DocClef the Shield-Bearer (Gnoll Fighter)           Turns: 3170, Time: 00:03:52

Health: -2/53      AC: 10    Str: 17    XL:     6   Next: 11%
Magic:  9/9        EV: 10    Int:  7    God:    Okawaru [......]
Gold:   194        SH:  0    Dex: 12    Spells: 8/8 levels left

rFire   . . .      SeeInvis .   k - +0 lajatang
rCold   . . .      Faith    .   (shield currently unavailable)
rNeg    . . .      Spirit   .   b - +0 scale mail
rPois   .          Reflect  .   (helmet restricted)
rElec   .          Harm     .   g - +0 cloak
rCorr   .          Rampage  .   h - +0 pair of gloves
Will    .....                   (no boots)
Stlth   +.........              (no amulet)
HPRegen 0.17/turn               (no ring)
MPRegen 0.11/turn               (no ring)

@: lethally poisoned (-2 -> -12)
A: fangs 1, strong nose, distributed training, horns 1, high MP 1, sturdy frame
1
a: Renounce Religion


You were on level 4 of the Dungeon.
You worshipped Okawaru.
Okawaru was noncommittal.
You visited 1 branch of the dungeon, and saw 4 of its levels.

You collected 194 gold pieces.

Inventory:

Hand Weapons
 a - a +0 flail
 k - a +0 lajatang (weapon)
Armour
 b - a +0 scale mail (worn)
 c - a +0 buckler
 g - a +0 cloak (worn)
 h - a +0 pair of gloves (worn)
Wands
 l - a wand of digging (3)
Scrolls
 i - 4 scrolls of identify
Potions
 d - 2 potions of might
 f - a potion of cancellation


   Skills:
 + Level 6.8 Fighting
 + Level 1.8 Short Blades
 + Level 1.8 Long Blades
 + Level 1.8 Axes
 + Level 4.9 Maces & Flails
 + Level 1.8 Polearms
 + Level 1.8 Staves
 + Level 1.8 Slings
 + Level 1.8 Bows
 + Level 1.8 Crossbows
 + Level 1.8 Throwing
 + Level 6.8 Armour
 + Level 1.8 Dodging
 + Level 1.8 Stealth
 + Level 6.8 Shields
 + Level 1.8 Unarmed Combat
 + Level 1.8 Spellcasting
 + Level 1.4 Conjurations
 + Level 1.4 Hexes
 + Level 1.4 Summonings
 + Level 1.4 Necromancy
 + Level 1.4 Translocations
 + Level 1.4 Transmutations
 + Level 1.4 Fire Magic
 + Level 1.4 Ice Magic
 + Level 1.4 Air Magic
 + Level 1.4 Earth Magic
 + Level 1.4 Poison Magic
 + Level 2.0 Invocations
 + Level 1.8 Evocations


You had 8 spell levels left.
You didn't know any spells.
Your spell library contained the following spells:

 Spells                   Type           Power      Damage    Failure   Level
 Slow                     Hex            8%         N/A       41%         1
 Confusing Touch          Hex            2%         N/A       78%         3
 Vampiric Draining        Necr           2%         2d6       78%         3
 Leda's Liquefaction      Hex/Erth       1%         N/A       99%         4
 Lee's Rapid Deconstruct  Erth           1%         3d5*      100%        5
 Statue Form              Tmut/Erth      1%         N/A       100%        6


Dungeon Overview and Level Annotations

Branches:
Dungeon (4/15)             Temple (0/1) D:4

Altars:
Okawaru
Qazlal


Innate Abilities, Weirdness & Mutations

You have very sharp teeth.
Your uncanny sense of smell can sniff out nearby items.
Your experience applies equally to all skills.
You have a pair of small horns on your head.
You have an increased reservoir of magic. (+10% MP)
Your movements are slightly less encumbered by armour. (ER -2)


Message History

* * * LOW HITPOINT WARNING * * *
You feel very sick. The gnoll hits you with a +0 whip.
* * * LOW HITPOINT WARNING * * *
The gnoll closely misses you. The gnoll shaman closely misses you.
The goblin hits you with a +0 club.
* * * LOW HITPOINT WARNING * * *
You feel much better.
You feel very sick.
The gnoll barely misses you. x2; The gnoll shaman barely misses you.
The goblin hits you but does no damage. The goblin attacks as you move away!
The goblin closely misses you.
The gnoll shaman attacks as you move away!
The gnoll shaman hits you with a +0 club.
* * * LOW HITPOINT WARNING * * *
x2 You feel very sick.
* * * LOW HITPOINT WARNING * * *
You feel very sick. The gnoll attacks as you move away!
The gnoll hits you but does no damage.
The gnoll shaman attacks as you move away!
The gnoll shaman hits you but does no damage.
* * * LOW HITPOINT WARNING * * *
You feel sick.
The gnoll shaman calls upon its god to speed up the gnoll.
The gnoll seems to speed up.
You feel better. The gnoll barely misses you.
The gnoll hits you from afar with a +0 halberd of venom.
* * * LOW HITPOINT WARNING * * *
You are lethally poisoned!
The goblin hits you with a +0 club.
* * * LOW HITPOINT WARNING * * *
The goblin attacks as you move away! The goblin hits you but does no damage.
The gnoll attacks as you move away! The gnoll hits you with a +0 whip.
* * * LOW HITPOINT WARNING * * *
The gnoll shaman attacks as you move away!
The gnoll shaman barely misses you.
* * * LOW HITPOINT WARNING * * *
You feel very sick. The goblin attacks as you move away!
The goblin hits you with a +0 club.
You die...

#.#.≈....≈≈≈≈.#.≈.
#.#.≈≈≈≈≈.....#.≈##
##.#......######.≈# #
#..#######.......≈/ .#
#.........≈≈≈≈ ≈≈≈ ∆..
#..........#.# #[# .#
##.#######.#.# #.####..#.#
#.##.....<..###..)).....#
#.##.........@gg.........
#.##.........gg..........
####.##..........$...#.#.#.#
...............####........
..##.##...>...## ##.#......
# #.##.......# #........
#.#####.#.## ..#...>..
#.........# #........
#######.### # ..


You could see a gnoll shaman, 2 gnolls and a goblin.

Vanquished Creatures
  A necrophage (D:3)
  2 gnolls (D:4)
  7 adders
  2 worms
  5 dart slugs
  3 orcs
  11 ball pythons
  2 bats (D:2)
  9 endoplasms
  2 giant cockroaches (D:2)
  5 goblins
  5 hobgoblins
  9 jackals
  2 quokkas
  2 frilled lizards
  5 kobolds
  7 rats
79 creatures vanquished.

Vanquished Creatures (others)
  3 fungi (D:1)
3 creatures vanquished.

Grand Total: 82 creatures vanquished

Notes
Turn   | Place    | Note
-------+----------+-------------------------------------------
     0 | D:1      | DocClef the Gnoll Fighter began the quest for the Orb.
     0 | D:1      | Reached XP level 1. HP: 23/23 MP: 1/1
   119 | D:1      | Reached XP level 2. HP: 28/29 MP: 2/2
   258 | D:1      | Found a faded altar of an unknown god.
   581 | D:1      | Reached XP level 3. HP: 25/35 MP: 3/3
   993 | D:2      | Gained mutation: You have a pair of small horns on your
                  | head. [potion of mutation]
   993 | D:2      | Gained mutation: You have an increased reservoir of magic.
                  | (+10% MP) [potion of mutation]
   993 | D:2      | Gained mutation: Your movements are slightly less
                  | encumbered by armour. (ER -2) [potion of mutation]
  1092 | D:2      | Reached skill level 1 in Invocations
  1143 | D:2      | Reached skill level 1 in Short Blades
  1143 | D:2      | Reached skill level 1 in Long Blades
  1143 | D:2      | Reached skill level 1 in Axes
  1143 | D:2      | Reached skill level 1 in Polearms
  1143 | D:2      | Reached skill level 1 in Staves
  1143 | D:2      | Reached skill level 1 in Slings
  1143 | D:2      | Reached skill level 1 in Bows
  1143 | D:2      | Reached skill level 1 in Crossbows
  1143 | D:2      | Reached skill level 1 in Throwing
  1143 | D:2      | Reached skill level 1 in Dodging
  1143 | D:2      | Reached skill level 1 in Stealth
  1143 | D:2      | Reached skill level 1 in Unarmed Combat
  1143 | D:2      | Reached skill level 1 in Spellcasting
  1143 | D:2      | Reached skill level 1 in Evocations
  1143 | D:2      | Reached XP level 4. HP: 38/41 MP: 4/6
  1911 | D:3      | Reached skill level 1 in Conjurations
  1911 | D:3      | Reached skill level 1 in Hexes
  1911 | D:3      | Reached skill level 1 in Summonings
  1911 | D:3      | Reached skill level 1 in Necromancy
  1911 | D:3      | Reached skill level 1 in Translocations
  1911 | D:3      | Reached skill level 1 in Transmutations
  1911 | D:3      | Reached skill level 1 in Fire Magic
  1911 | D:3      | Reached skill level 1 in Ice Magic
  1911 | D:3      | Reached skill level 1 in Air Magic
  1911 | D:3      | Reached skill level 1 in Earth Magic
  1911 | D:3      | Reached skill level 1 in Poison Magic
  2089 | D:3      | Reached XP level 5. HP: 47/47 MP: 7/7
  3035 | D:4      | Found an iron altar of Okawaru.
  3078 | D:4      | Found a stormy altar of Qazlal.
  3101 | D:4      | Became a worshipper of Warmaster Okawaru
  3121 | D:4      | Reached XP level 6. HP: 53/53 MP: 9/9
  3154 | D:4      | Found a staircase to the Ecumenical Temple.
  3154 | D:4      | Identified the +0 leather armour of the Tired Towns {Dex+9}
  3162 | D:4      | HP: 1/53 [gnoll/+0 halberd of venom[a gnoll shaman] (10)]
  3169 | D:4      | HP: 2/53 [poisoned by a gnoll]
  3170 | D:4      | Slain by a goblin

Illustrated notes

Levels and vault maps discovered:
D:1:      roderic_octagonal_star, layout_loops_ring,
          chequers_ecumenical_altar_island, amcnicky_mini_corridor_feature,
          minmay_shallow_snake_nest
D:2:      layout_loops_ring
D:3:      minmay_chambers_of_threes, layout_basic, serial_rivers,
          chequers_serial_rivers_large_a, chequers_serial_rivers_micro_b,
          chequers_serial_rivers_small_3, chequers_serial_rivers_micro_e
D:4:      layout_loops_ring, nicolae_overflow_squiral,
          minmay_temple_entry_glass, chequers_serial_rivers_small_3

Skill      XL: |  1  2  3  4  5 |
---------------+----------------+-----
Invocations    | 1 2 |  2.0
Short Blades   | 1 |  1.8
Long Blades    | 1 |  1.8
Axes           | 1 |  1.8
Polearms       | 1 |  1.8
Staves         | 1 |  1.8
Slings         | 1 |  1.8
Bows           | 1 |  1.8
Crossbows      | 1 |  1.8
Throwing       | 1 |  1.8
Dodging        | 1 |  1.8
Stealth        | 1 |  1.8
Unarmed Combat | 1 |  1.8
Spellcasting   | 1 |  1.8
Evocations     | 1 |  1.8
Conjurations   | 1 |  1.4
Hexes          | 1 |  1.4
Summonings     | 1 |  1.4
Necromancy     | 1 |  1.4
Translocations | 1 |  1.4
Transmutations | 1 |  1.4
Fire Magic     | 1 |  1.4
Ice Magic      | 1 |  1.4
Air Magic      | 1 |  1.4
Earth Magic    | 1 |  1.4
Poison Magic   | 1 |  1.4
Fighting       | |  6.8
Maces & Flails | |  4.9
Armour         | |  6.8
Shields        | |  6.8

Action                   |  1- 3 |  4- 6 || total
-------------------------+-------+-------++-------
Melee: Flail             |    86 |    28 ||   114
       Bite              |     6 |    12 ||    18
       Headbutt          |     2 |    14 ||    16
       Lajatang          |       |    86 ||    86
  Use: Scroll            |     3 |     3 ||     6
       Potion            |     3 |     3 ||     6
Armor: Scale mail        |    43 |    68 ||   111
Dodge: Dodged            |    47 |    73 ||   120
Block: Buckler           |    29 |     2 ||    31

Table legend: (Time is in decaauts)
 A = Elapsed time spent in this place.
 B = Non-inter-level travel time spent in this place.
 C = Inter-level travel time spent in this place.
 D = Time resting spent in this place.
 E = Time spent auto-exploring this place.
 F = Levels seen in this place.
 G = Mean time per level.
                   A        B        C        D        E       F      G
               +--------+--------+--------+--------+--------+-----+--------+
         Total |   3239 |   3113 |    126 |      0 |   2538 |   4 |  809.8 |
       Dungeon |   3239 |   3113 |    126 |      0 |   2538 |   4 |  809.8 |
               +--------+--------+--------+--------+--------+-----+--------+

Top non-repeatable levels by time:
     D:3: 1391 daAuts
     D:1: 929 daAuts
     D:2: 708 daAuts
     D:4: 209 daAuts
